 Dungeon Crawl Stone Soup version 0.18.1-50-g88ac8fd (webtiles) character file.

49 jerryfan the Charlatan (level 3, 0/29 HPs)
             Began as a Draconian Artificer on Sept 25, 2016.
             Slain by a scorpion (4 damage)
             ... on level 2 of the Dungeon.
             The game lasted 00:12:50 (1382 turns).

jerryfan the Charlatan (Draconian Artificer)        Turns: 1382, Time: 00:12:51

Health: 0/29       AC:  5    Str: 14    XL:     3   Next: 51%
Magic:  5/5        EV: 12    Int: 12    God:
Gold:   129        SH:  0    Dex: 11    Spells: 0 memorised, 2 levels left

rFire  . . .     SeeInvis .     l - +0 dagger (curse)
rCold  . . .     Gourm    .     (armour unavailable)
rNeg   . . .     Faith    .     (no shield)
rPois  .         Spirit   .     (helmet restricted)
rElec  .         Dismiss  .     (no cloak)
rCorr  .         Reflect  .     (no gloves)
SustAt .         Harm     .     (no boots)
MR     +....                    e - amulet of regeneration
Stlth  +.........               h - ring of flight
                                g - ring of protection from magic

@: lethally poisoned (0 -> 0), somewhat resistant to hostile enchantments, very
unstealthy
A: unfitting armour, cold-blooded, AC +5
a: Evoke Flight


You were on level 2 of the Dungeon.
You were not hungry.

You visited 1 branch of the dungeon, and saw 2 of its levels.

You collected 129 gold pieces.

Inventory:

Hand Weapons
 a - a +0 short sword
 l - a cursed +0 dagger (weapon)
Missiles
 n - 19 bolts
Jewellery
 e - an amulet of regeneration (around neck)
 g - a ring of protection from magic (left hand)
 h - a ring of flight (right hand)
Wands
 b - a wand of flame (8/48)
 c - a wand of enslavement (8/24)
 d - a wand of random effects (6/48)
Scrolls
 j - a scroll of enchant armour
 k - a scroll of fog
 m - 2 scrolls of identify
Potions
 o - a potion of beneficial mutation {unknown}
Comestibles
 f - a bread ration


   Skills:
 + Level 1.7 Fighting
 + Level 1.2 Short Blades
 + Level 2.6 Dodging
 + Level 0.8 Stealth
 + Level 3.7 Evocations


You had 2 spell levels left.
You didn't know any spells.

Dungeon Overview and Level Annotations

Branches:
Dungeon (2/15)

Altars:
Cheibriados
Okawaru


Innate Abilities, Weirdness & Mutations

Your plain brown scales are hard (AC +5).
Your body does not fit into most forms of armour.
You are cold-blooded and may be slowed by cold attacks.


Message History

* * * LOW HITPOINT WARNING * * *
You hit the scorpion but do no damage.
The scorpion is moderately wounded.
You feel sick. The scorpion barely misses you.
You closely miss the scorpion.
The scorpion is moderately wounded.
You feel sick. The scorpion closely misses you.
You hit the scorpion but do no damage. You tail-slap the scorpion.
The scorpion is heavily wounded.
The scorpion closely misses you.
You hit the scorpion but do no damage.
The scorpion is heavily wounded.
The scorpion stings you but does no damage.
You hit the scorpion but do no damage.
The scorpion is heavily wounded.
You feel sick. The scorpion barely misses you.
You barely miss the scorpion.
The scorpion is heavily wounded.
The scorpion stings you.
You die...

#....#.# #.#
#.#.#.......##(...
#)...#.#
#.#####'#.#.#####.##....
#....#.#
#.##......#.#...........
#....#.#
#.##..............#.#...
#......#
#.##......#....####.#...
#..#.### #.##...........#
#.#... #..#.#
#.##......#....# #.#...
#..#.#####.##......#....#
#.#...
#..#.......##...@..#....#
#.#...
#..##########...s..#....#
#.#.## #..#
##+#)#.#....####.#.# #..
#####.#.#.#.##....#.#.#
....<...#.#.##....#.#'##
#####...#.#..+....+.....
......#.####....#.....
........#.........'.....
.###...........####..[..


You could see a scorpion.

Vanquished Creatures
  An adder (D:2)
  A worm (D:2)
  2 dart slugs
  A giant gecko (D:1)
  A giant cockroach (D:1)
  3 goblins
  2 hobgoblins
  3 jackals (D:1)
  4 bats
  3 giant newts
  7 kobolds
  2 rats (D:1)
  4 toadstools (D:1)
34 creatures vanquished.

Vanquished Creatures (collateral kills)
  A giant cockroach (D:1)
  A jackal (D:1)
  A kobold (D:2)
  A rat (D:1)
4 creatures vanquished.

Vanquished Creatures (others)
  A bat (D:1)
  A hobgoblin (D:2)
  2 jackals (D:1)
4 creatures vanquished.

Grand Total: 42 creatures vanquished

Notes
Turn   | Place    | Note
--------------------------------------------------------------
     0 | D:1      | jerryfan the Draconian Artificer began the quest for the Orb.
     0 | D:1      | Reached XP level 1. HP: 16/16 MP: 3/3
   165 | D:1      | Reached XP level 2. HP: 10/23 MP: 4/4
   662 | D:1      | HP: 1/23 [hobgoblin/club (4)]
   793 | D:2      | Reached XP level 3. HP: 10/28 MP: 5/5
   866 | D:2      | Found a snail-covered altar of Cheibriados.
  1288 | D:2      | Found an iron altar of Okawaru.
  1368 | D:2      | Noticed a scorpion
  1368 | D:2      | a worm changed into a scorpion
  1382 | D:2      | Slain by a scorpion

Skill      XL: |  1  2 |
---------------+-------+-----
Dodging        | 2 |  2.6
Fighting       | |  1.7
Short Blades   | |  1.2
Stealth        | |  0.8
Evocations     | |  3.7

Action                   || total
-------------------------++-------
Melee: Short sword       ||    56
       Tailslap          ||    19
       Dagger            ||   141
Evoke: Wand              ||    23
  Use: Scroll            ||     8
       Potion            ||     1
 Stab: Sleeping          ||     1
  Eat: Chunk             ||     2
Armor: Skin              ||    66
Dodge: Dodged            ||   126
